 Seeded DCSS version 0.29-b1-12-g9e2288ab2a (webtiles) character file.

Game seed: 1 (custom seed)

29 Kazon the Covered (level 2, -2/25 HPs)
             Began as a Demigod Fighter on Aug 23, 2022.
             Slain by a gnoll
             ... wielding a +0 halberd
              (12 damage)
             ... on level 2 of the Dungeon.
             The game lasted 00:04:38 (1179 turns).

Kazon the Covered (Demigod Fighter)                 Turns: 1179, Time: 00:04:38

Health: -2/25      AC:  6    Str: 17    XL:     2   Next: 81%
Magic:  4/4        EV:  7    Int: 10    God:
Gold:   121        SH:  8    Dex: 13    Spells: 1/1 levels left

rFire   . . .      SeeInvis .   a - +0 long sword
rCold   . . .      Faith    .   c - +0 kite shield {rN+}
rNeg    + . .      Spirit   .   b - +0 scale mail
rPois   .          Reflect  .   (no helmet)
rElec   .          Harm     .   (no cloak)
rCorr   .          Rampage  .   (no gloves)
Will    .....                   (no boots)
Stlth   ..........              k - amulet of regeneration
HPRegen 0.88/turn               (no ring)
MPRegen 0.09/turn               (no ring)

@: no status effects
A: high MP 1, forlorn, divine attributes
a: no special abilities


You were on level 2 of the Dungeon.
You visited 1 branch of the dungeon, and saw 3 of its levels.

You collected 121 gold pieces.

Inventory:

Hand Weapons
 a - a +0 long sword (weapon)
Missiles
 i - 6 stones (quivered)
 j - 7 poisoned darts
 l - 3 boomerangs
Armour
 b - a +0 scale mail (worn)
 c - a +0 kite shield of positive energy (worn)
Jewellery
 k - an amulet of regeneration (around neck)
Scrolls
 f - 2 scrolls of identify {unknown}
Potions
 d - a potion of might
 e - a potion of haste {unknown}
 g - a potion of flight {unknown}
 h - a potion of attraction {unknown}


   Skills:
 * Level 2.9 Fighting
 + Level 2.2 Long Blades
 + Level 3.2 Armour
 + Level 2.8 Shields


You had one spell level left.
You didn't know any spells.
Your spell library was empty.

Dungeon Overview and Level Annotations

Branches:
Dungeon (3/15)

Shops:
D:3 (


Innate Abilities, Weirdness & Mutations

You have an increased reservoir of magic. (+10% MP)
You shall have no god before yourself.
Your divine heritage dramatically boosts your attributes as you level up.


Message History

Press: ? - help, Q - select action, (/) - cycle Shift-Dir - straight line, f - gnoll
Aim: a gnoll, wielding a +0 halberd (61% to hit)
You throw a stone.
The stone hits the gnoll but does no damage.
Unknown command.
Throw: 7 stones
Press: ? - help, Q - select action, (/) - cycle Shift-Dir - straight line, f/p - gnoll
Aim: a gnoll, wielding a +0 halberd (61% to hit)
You throw a stone. The stone barely misses the gnoll.
Unknown command.
You block the gnoll's attack.
You hit the gnoll but do no damage.
The gnoll hits you with a +0 halberd! x2
* * * LOW HITPOINT WARNING * * *
You hit the gnoll.
The gnoll is lightly wounded.
The gnoll hits you with a +0 halberd.
* * * LOW HITPOINT WARNING * * *
You hit the gnoll.
The gnoll is lightly wounded.
The gnoll barely misses you. You block the gnoll's attack.
You barely miss the gnoll.
The gnoll is lightly wounded.
You block the gnoll's attack.
You slash the gnoll!
The gnoll is almost dead.
The gnoll barely misses you. The gnoll hits you with a +0 halberd.
* * * LOW HITPOINT WARNING * * *
You closely miss the gnoll.
The gnoll is severely wounded.
You block the gnoll's attack.
You barely miss the gnoll.
The gnoll is severely wounded.
The gnoll barely misses you.
You barely miss the gnoll.
The gnoll is severely wounded.
The gnoll hits you with a +0 halberd. You block the gnoll's attack.
You hit the gnoll.
The gnoll is almost dead.
The gnoll hits you with a +0 halberd!
You die...

## ... ..
#.###############
####................
........@g....#
#############.##
#..........#
#)#######..# ##.##
#..# ###...#### #.g#
#........# #...
#.#...##.# #....
##.##.## .......g


You could see a gnoll.

Vanquished Creatures
  A worm (D:2)
  4 endoplasms (D:1)
  A giant cockroach (D:1)
  4 goblins (D:1)
  3 hobgoblins
  3 kobolds
  A quokka (D:1)
  2 bats
  A frilled lizard (D:2)
  3 rats (D:1)
23 creatures vanquished.

Notes
Turn   | Place    | Note
-------+----------+-------------------------------------------
     0 | D:1      | Kazon the Demigod Fighter began the quest for the Orb.
     0 | D:1      | Reached XP level 1. HP: 18/18 MP: 3/3
    96 | D:1      | Identified a scroll of acquirement
    96 | D:1      | Acquired a +0 kite shield of positive energy
   206 | D:1      | Reached skill level 3 in Armour
   366 | D:1      | Reached XP level 2. HP: 25/25 MP: 4/4
  1011 | D:3      | Found Umat's Antique Weapon Boutique.
  1179 | D:2      | Slain by a gnoll

Illustrated notes

Levels and vault maps discovered:
D:1:      dpeg_arrival_three_smaller_balls, layout_basic
D:2:      layout_loops_ring
D:3:      layout_basic, serial_shops, nicolae_shop_stone, st_stairs_7

Skill      XL: |  1  2 |
---------------+-------+-----
Armour         | 3 |  3.2
Long Blades    | 2 |  2.2
Fighting       | |  2.9
Shields        | |  2.8

Action                   || total
-------------------------++-------
Melee: Long sword        ||    71
Throw: Stone             ||     2
  Use: Scroll            ||     1
Armor: Scale mail        ||    29
Dodge: Dodged            ||    29
Block: Kite shield       ||    31
       Buckler           ||     5
